AoeStats
← HR Pinkman

Black Forest

506999354Analyzed
4v4 RM · 16d ago on Sep 16, 2026· 39m 18s· 8 players
Game mode
Random Map
Map size
Large (8 player)
Population
200
Speed
Normal
Resources
Standard
Victory
Conquest
Starting age
Dark Age
Ending age
Imperial Age
RankedLock teamsTeams togetherTeam positionsShared explorationLock speedFull tech treeHidden civsTurbo modeCheats
Victory
Defeat
🇨🇱 Byzantines · Chile
1842
+7
🇨🇱 Celts · Chile
1765
+10
🇨🇳 Malay · China
1675
+13
🇨🇱 Huns · Chile
1592
+16
🇺🇸 Berbers · United States
1640
-12
🇺🇸 Chinese · United States
1638
-12
🇺🇸 Bengalis · United States
1620
-12
🇦🇺 Wei · Australia
1573
-10
MrWrong
8:10 Loom
12:14 Feudal Age
13:13 Double-Bit Axe
16:12 Castle Age
14:31 Horse Collar
16:11 Scale Barding Armor
16:17 Bloodlines
17:08 Bow Saw
19:19 Wheelbarrow
24:56 Forging
24:50 Heavy Plow
25:19 Husbandry
26:06 Devotion
26:41 Chain Barding Armor
29:57 Gold Mining
34:08 Imperial Age
33:26 Hand Cart
33:08 Stone Mining
34:16 Cavalier
35:47 Plate Barding Armor
36:21 Iron Casting
35:23 Heavy Camel Rider
39:00 Blast Furnace
_kill3rJ
11:25 Feudal Age
12:34 Double-Bit Axe
13:33 Wheelbarrow
15:30 Castle Age
13:47 Horse Collar
17:31 Bow Saw
17:22 Heavy Plow
22:32 Fletching
23:14 Bodkin Arrow
24:24 Devotion
25:36 Ballistics
26:12 Padded Archer Armor
26:42 Loom
28:10 Hand Cart
28:14 Bloodlines
28:10 Husbandry
32:02 Imperial Age
30:23 Leather Archer Armor
30:48 Caravan
32:05 Elite Elephant Archer
33:02 Bracer
34:09 Chemistry
34:09 Ring Archer Armor
33:52 Scale Mail Armor
34:32 Paiks
34:02 Pikeman
34:43 Squires
34:43 Halberdier
35:57 Chain Mail Armor
35:53 Forging
37:32 Conscription
Random
0:39 Loom
11:19 Feudal Age
14:52 Castle Age
13:13 Double-Bit Axe
13:08 Horse Collar
16:54 Bow Saw
16:44 Heavy Plow
18:33 Fletching
21:12 Bodkin Arrow
21:37 Padded Archer Armor
24:52 Town Watch
25:42 Wheelbarrow
32:00 Fortified Wall
32:29 Masonry
35:40 Imperial Age
36:17 Scale Mail Armor
35:53 Pikeman
36:34 Squires
36:35 Halberdier
37:58 Conscription
PEPPA
0:50 Loom
18:54 Feudal Age
22:50 Fletching
24:10 Double-Bit Axe
30:16 Horse Collar
36:19 Castle Age
35:46 Gold Mining
35:49 Stone Mining
38:10 Fortified Wall
39:01 Bow Saw
儒门大吊-日食
11:11 Feudal Age
14:03 Castle Age
11:52 Double-Bit Axe
22:40 Wheelbarrow
22:55 Bow Saw
22:31 Horse Collar
23:28 Heavy Plow
24:23 Loom
27:43 Imperial Age
25:34 Scale Barding Armor
25:39 Forging
25:48 Gold Mining
26:29 Forging
27:22 Gold Shaft Mining
28:16 Chemistry
28:12 Conscription
29:48 Iron Casting
29:44 Coinage
29:03 Town Watch
29:00 Elite Battle Elephant
30:23 Guilds
30:30 Husbandry
31:33 Blast Furnace
30:48 Hand Cart
33:29 Banking
37:46 Caravan
38:20 Pikeman
39:00 Squires
38:53 Fletching
39:24 Ballistics
39:50 Bodkin Arrow
benja23
0:26 Loom
12:14 Feudal Age
14:01 Double-Bit Axe
16:30 Castle Age
14:34 Horse Collar
17:31 Bow Saw
17:22 Heavy Plow
27:39 Wheelbarrow
26:55 Gold Mining
26:57 Stone Mining
32:20 Imperial Age
29:42 Fletching
30:20 Bodkin Arrow
31:23 Thumb Ring
31:48 Bloodlines
31:38 Husbandry
32:31 Hand Cart
33:00 Gold Shaft Mining
32:34 Heavy Cavalry Archer
33:35 Bracer
33:36 Padded Archer Armor
34:37 Parthian Tactics
34:41 Padded Archer Armor
36:21 Chemistry
35:41 Ballistics
38:26 Leather Archer Armor
38:03 Town Watch
HR Pinkman
11:48 Feudal Age
13:11 Double-Bit Axe
15:30 Castle Age
13:35 Horse Collar
14:50 Loom
17:27 Bow Saw
21:56 Wheelbarrow
27:22 Hand Cart
29:23 Heavy Plow
33:30 Imperial Age
30:57 Fletching
31:30 Ballistics
31:43 Bodkin Arrow
32:12 Fortified Wall
31:37 Elite Skirmisher
32:40 Thumb Ring
32:36 Padded Archer Armor
32:59 Gold Mining
34:17 Leather Archer Armor
34:29 Bracer
35:35 Chemistry
35:42 Ring Archer Armor
35:47 Conscription
35:34 Pikeman
36:14 Squires
36:15 Scale Mail Armor
36:25 Forging
36:19 Halberdier
36:45 Arson
38:41 Coinage
38:30 Chain Mail Armor
neromelnick
0:42 Loom
13:33 Feudal Age
18:05 Double-Bit Axe
18:51 Horse Collar
22:16 Wheelbarrow
26:23 Castle Age
24:24 Fletching
24:26 Gold Mining
27:19 Bow Saw
32:16 Bodkin Arrow
33:02 Ballistics
36:58 Imperial Age
35:08 Scale Mail Armor
37:10 Onager
38:53 Chemistry
38:29 Conscription
38:41 Chain Mail Armor
38:37 Forging
38:51 Hand Cart
38:58 Pikeman
Connection lost

Rejoining the realm…

Still unreachable

The connection could not be restored.

Session expired

The server has moved on; the page needs a fresh start.